 Dungeon Crawl Stone Soup version 0.30.1-9-gdf580d7c3d (webtiles) character file.

Game seed: 5803894604024347979

39 pkoi the Insei (level 3, -1/31 HPs)
             Began as a Draconian Monk on Oct 21, 2023.
             Slain by a gnoll
             ... wielding a +0 spear
              (5 damage)
             ... on level 2 of the Dungeon.
             The game lasted 00:00:59 (1235 turns).

pkoi the Insei (Draconian Monk)                     Turns: 1235, Time: 00:01:00

Health: -1/31      AC:  5    Str: 13    XL:     3   Next: 28%
Magic:  3/3        EV: 12    Int: 12    God:
Gold:   111        SH:  0    Dex: 13    Spells: 2/2 levels left

rFire   . .          .
                       - Unarmed
rCold   . . .        (no shield)
rNeg    . . .        (body armour unavailable)
rPois   .            (helmet restricted)
rElec   .            (no cloak)
rCorr   .            (no gloves)
SInv    .            (no boots)
Will    .....        (no amulet)
Stlth   +            (no ring)
HPRegen 0.25/turn    (no ring)
MPRegen 0.08/turn

%: no passive effects
@: no status effects
A: AC +5, unfitting armour, cold-blooded
a: no special abilities


You were on level 2 of the Dungeon.
You visited 1 branch of the dungeon, and saw 2 of its levels.

You collected 111 gold pieces.

Inventory:

Hand Weapons
 c - a +0 whip
 d - a +0 sling
Armour
 b - an orb of light
Scrolls
 e - a scroll of identify
Potions
 a - a potion of ambrosia
 f - a potion of magic {unknown}
 g - 2 potions of curing
 h - a potion of degeneration {unknown}
 i - a potion of cancellation {unknown}
 j - a potion of flight {unknown}


   Skills:
 - Level 3.2 Fighting
 - Level 2.6 Dodging
 + Level 4.4 Unarmed Combat


You had 2 spell levels left.
You didn't know any spells.
Your spell library contained the following spells:

 Spells                   Type           Power      Damage    Failure   Level
 Lesser Beckoning         Tloc           0%         N/A       45%         2
 Gell's Gravitas          Tloc           0%         N/A       69%         3
 Stone Arrow              Conj/Erth      0%         3d7       69%         3
 Teleport Other           Tloc           0%         N/A       69%         3
 Lehudib's Crystal Spear  Conj/Erth      0%         10d2      100%        8
 Animate Armour           Summ/Erth      Unusable   N/A       N/A         4

Dungeon Overview and Level Annotations

Branches:
Dungeon (2/15)

Altars:


Innate Abilities, Weirdness & Mutations

Your plain brown scales are hard. (AC +5)
You cannot fit into any form of body armour.
You are cold-blooded and may be slowed by cold attacks.


Message History

A gnoll comes into view. It is wielding a +0 flail.
You struggle against the net.
The gnoll barely misses you.
The gnoll hits you from afar with a +0 spear.
You rip the net and break free!
The gnoll closely misses you.
The gnoll hits you from afar with a +0 spear.
The gnoll attacks as you move away! The gnoll hits you but does no damage.
You hit the gnoll.
Your tail-slap misses the gnoll.
You punch the gnoll.
The gnoll is almost dead.
The gnoll closely misses you.
The gnoll hits you from afar with a +0 spear.
You barely miss the gnoll.
The gnoll is almost dead.
The gnoll hits you with a +0 whip.
The gnoll hits you from afar with a +0 spear.
You hit the gnoll but do no damage.
Your tail-slap misses the gnoll.
The gnoll is almost dead.
You hit the gnoll.
You kill the gnoll!
The gnoll barely misses you. The gnoll hits you but does no damage.
The gnoll closely misses you.
Things that are here:
a +0 whip; a gnoll corpse You completely miss the gnoll.
The gnoll hits you from afar with a +0 spear.
The gnoll hits you with a +0 spear.
You closely miss the gnoll. You tail-slap the gnoll.
The gnoll is lightly wounded.
The gnoll hits you with a +0 spear.
* * * LOW HITPOINT WARNING * * *
The gnoll closely misses you.
You barely miss the gnoll. You punch the gnoll.
The gnoll is moderately wounded.
The gnoll closely misses you. The gnoll hits you but does no damage.
You hit the gnoll.
The gnoll is severely wounded.
The gnoll completely misses you.
The gnoll hits you from afar with a +0 spear.
* * * LOW HITPOINT WARNING * * *
The gnoll hits you from afar with a +0 spear.
You die...

. #.# .........>. #. #.#
.###....... ### .##.##
#....... .... ....####.#
#.......
.....#..................
#....gg..g..###.......
#g# #....... #)#
#....... #@##### #.....#
#####.# #.# #.# #.# #.#
#.## #..#


You could see 3 gnolls.

Vanquished Creatures
  A gnoll (D:2)
  An adder (D:2)
  A dart slug (D:2)
  2 giant cockroaches (D:1)
  3 goblins
  3 hobgoblins
  A kobold (D:2)
  A quokka (D:1)
  2 ball pythons
  A bat (D:2)
  2 frilled lizards
  A rat (D:1)
19 creatures vanquished.

Notes
Turn   | Place    | Note
-------+----------+-------------------------------------------
     0 | D:1      | pkoi the Draconian Monk began the quest for the Orb.
     0 | D:1      | Reached XP level 1. HP: 19/19 MP: 1/1
   186 | D:1      | Found a faded altar of an unknown god.
   207 | D:1      | Reached XP level 2. HP: 26/26 MP: 2/2
   676 | D:2      | Reached skill level 4 in Unarmed Combat
  1100 | D:2      | Reached XP level 3. HP: 21/31 MP: 3/3
  1235 | D:2      | Slain by a gnoll

Illustrated notes

Levels and vault maps discovered:
D:1:      saegor_arrival_simple_b, layout_loops_cross,
          dreamdust_ecumenical_altar_angels_and_demons, nrook_mini_backslash
D:2:      layout_loops_ring

Skill      XL: |  1  2 |
---------------+-------+-----
Unarmed Combat | 4 |  4.4
Fighting       | |  3.2
Dodging        | |  2.6

Action                     || total
---------------------------++-------
  Melee: Unarmed           ||    80
         Tailslap          ||    10
         Punch             ||     2
    Use: Scroll            ||     5
 Armour: Skin              ||    19
  Dodge: Dodged            ||    43
